 Dungeon Crawl Stone Soup version 0.15-a0-1656-gb4d1502 (console) character file.

3702 Mac the Grappler (level 9, 89/89 HPs)
             Began as a Troll Fighter on June 23, 2014.
             Starved to death
             ... while paralysed
             ... on Level 8 of the Dungeon.
             The game lasted 00:19:22 (3452 turns).

Mac the Grappler (Troll Fighter)                    Turns: 3452, Time: 00:19:22

HP  89/89        AC  7     Str 29      XL: 9   Next: 91%
MP   4/4         EV  1     Int  4      God:
Gold 76          SH  0     Dex  9      Spells:  0 memorised,  8 levels left

rFire  . . .     SeeInvis .       - Unarmed
rCold  . . .     Clarity  .     b - +0 robe (curse)
rNeg   . . .     rCorr    .     c - +0 shield (curse)
rPois  .         rRot     .     (helmet restricted)
rElec  .         Spirit   .     y - +1 cloak
SustAb .         Warding  .     (gloves unavailable)
rMut   .         Stasis   .     (boots unavailable)
Gourm  +                        (no amulet)
MR     .....                    (no ring)
                                (no ring)

@: paralysed, starving, not resistant to hostile enchantments, very unstealthy
A: unfitting armour, claws 3, blink 2, fast metabolism 3, gourmand, regeneration
3, robust 1, saprovore 2, shaggy fur 1, tough skin 2
a: Blink


You were on level 8 of the Dungeon.
You were starving.

You visited 2 branches of the dungeon, and saw 9 of its levels.
You also visited: Sewer and Ossuary.

You collected 372 gold pieces.
You spent 296 gold pieces at shops.

Inventory:

Hand weapons
 v - a +0 blowgun
 P - a +0 long sword of holy wrath
Missiles
 s - a throwing net (quivered)
Armour
 b - a cursed +0 robe (worn)
 c - a cursed +0 shield (worn)
 i - a +0 robe
 u - the +0 chain mail of Qazlal's Vengeance {rC+ Int-1 Slay+3, unknown}
   (You found it on level 5 of the Dungeon)

   It affects your intelligence (-1).
   It affects your accuracy and damage with ranged weapons and melee attacks
   (+3).
   It protects you from cold.
 y - a +1 cloak (worn)
 A - a +0 robe
 C - a +0 robe
 K - a +0 robe
 Q - a +0 robe
 R - a +0 robe
Magical devices
 j - a wand of invisibility (2)
 k - a wand of draining (5)
 J - a wand of confusion (15)
Comestibles
 a - 2 meat rations
 l - 5 bread rations
 m - 7 fruits
 B - 7 slices of pizza
 S - a royal jelly
Scrolls
 d - 3 scrolls of enchant armour {unknown}
 g - 2 scrolls of recharging {unknown}
 h - 3 scrolls of remove curse {unknown}
 r - 2 scrolls of fear
 t - 2 scrolls of brand weapon {unknown}
 x - a scroll of blinking {unknown}
 D - 4 scrolls of teleportation {unknown}
 F - 3 scrolls of fog {unknown}
 G - a scroll of enchant weapon {unknown}
 H - a scroll of immolation {unknown}
 I - a scroll of magic mapping {unknown}
 M - a scroll of silence {unknown}
Potions
 e - 5 potions of might
 f - a potion of invisibility
 n - 10 potions of curing {unknown}
 o - 2 potions of magic
 p - 6 potions of brilliance
 q - 3 potions of heal wounds
 w - a potion of flight
 z - a potion of agility
 L - a potion of lignification
 N - a potion of resistance
 O - 2 potions of restore abilities
Magical staves
 E - a cursed staff of death {unknown}


   Skills:
 + Level 3.0 Fighting
 - Level 2.4 Dodging
 + Level 7.5 Shields
 * Level 11.3 Unarmed Combat


You had 8 spell levels left.
You didn't know any spells.

Dungeon Overview and Level Annotations

Branches:
Dungeon (8/15)             Temple (1/1) D:7
   Lair: D:8-11

Altars:
Ashenzari
Dithmenos
Elyvilon
Gozag
Makhleb
Nemelex Xobeh
Okawaru
Sif Muna
Trog
Xom
Yredelemnul
Zin
The Shining One

Shops:
D:7 !(


Innate Abilities, Weirdness & Mutations

You are too large for most types of armour.
You have claws for hands.
Your metabolism is lightning-fast.
You like to eat raw meat.
You regenerate.
You can eat rotten meat.
You are covered in fur (AC +1).
You have very tough skin (AC +2).
You are good at translocating small distances at will.
You are robust (+10% HP).


Message History

a hand axe; an orc corpse An iguana comes into view.
The iguana hisses angrily.
You see here a royal jelly.
S - a royal jelly You claw the iguana!
The iguana begins to bleed from its wounds!
The iguana is almost dead.
The iguana bites you but does no damage.
You scratch the iguana.
You kill the iguana!
Your Fighting skill increases to level 3!
You see here an iguana corpse.
You are starving!
You lose consciousness!
You can move again.
There is an open door here.
You lose consciousness!
You have starved to death.
You die...

## #.#.# #....###..... #.
#.#.# #.....#...... #.
#.#.# #............ #
#.##.#.# #............
#.#..#.#.# #............
#.##.#.#.# #............
#........# #............
######...######............
#....'....@...)...........
##.###...######...........
#.# ##### ##...#.### #.#
#.#.#+##### #.# #.#.......#
#.# ###########.#.......#
#.# #.........#.#.......#
#.# #.........#.#.......##
##.###.........#.#.#.######


There were no monsters in sight!

Vanquished Creatures
  A human (D:7)
  A wyvern (D:6)
  A hog (D:7)
  Eustachio (D:5)
  Menkaure (D:7)
  An orc warrior (D:8)
  A black bear (D:6)
  A phantom (D:6)
  3 ice beasts
  2 necrophages
  A sky beast (D:6)
  3 big kobolds (Sewer)
  11 scorpions
  A crimson imp (D:8)
  A goliath beetle (D:6)
  2 human zombies (Ossuary)
  3 hounds
  4 centaur zombies
  2 iguanas
  7 orc priests
  5 orc wizards
  A centaur skeleton (D:5)
  Natasha (D:4)
  4 worker ants
  3 big kobold zombies (Ossuary)
  An ogre zombie (D:6)
  3 sheep (D:7)
  Terence (D:2)
  4 mummies
  7 gnolls (D:5)
  9 green rats
  5 scorpion zombies (Ossuary)
  An adder (D:6)
  3 shadow imps (D:6)
  An orc skeleton (D:4)
  A white imp (D:5)
  A worm (D:3)
  A gnoll skeleton (D:5)
  2 giant geckos
  22 orcs
  3 giant cockroaches (D:5)
  10 hobgoblins
  7 ball pythons (Sewer)
  4 bats
  A giant cockroach zombie (D:5)
  3 giant newts
  4 goblins
  A goblin zombie (Ossuary)
  5 hobgoblin zombies
  3 jackals (D:6)
  20 kobolds
  A kobold skeleton (D:4)
  3 kobold zombies (Ossuary)
  2 orc zombies
  2 quokkas
  24 rats
  A rat zombie (D:6)
218 creatures vanquished.

Notes
Turn   | Place    | Note
--------------------------------------------------------------
     0 | D:1      | Mac, the Troll Fighter, began the quest for the Orb.
     0 | D:1      | Reached XP level 1. HP: 22/22 MP: 1/1
   152 | D:1      | Reached XP level 2. HP: 29/29 MP: 1/1
   182 | D:2      | Noticed Terence
   195 | D:2      | Killed Terence
   195 | D:2      | Reached skill level 3 in Unarmed Combat
   261 | D:4      | Reached XP level 3. HP: 36/36 MP: 2/2
   356 | D:3      | Reached skill level 4 in Unarmed Combat
   440 | D:4      | Reached XP level 4. HP: 42/44 MP: 2/2
   517 | D:4      | Noticed Natasha
   523 | D:4      | Killed Natasha
   576 | D:5      | Entered Level 5 of the Dungeon
   578 | D:5      | Noticed an ice beast
   591 | D:5      | Reached skill level 5 in Unarmed Combat
   607 | D:5      | Killed an ice beast
   607 | D:5      | Reached skill level 6 in Unarmed Combat
   607 | D:5      | Reached XP level 5. HP: 21/50 MP: 2/2
   716 | D:5      | Noticed a necrophage
   725 | D:5      | Killed a necrophage
   725 | D:5      | Reached XP level 6. HP: 56/59 MP: 3/3
   774 | D:5      | Reached skill level 7 in Unarmed Combat
   806 | D:5      | Noticed an ice beast
   819 | D:5      | Killed an ice beast
   830 | D:5      | Reached XP level 7. HP: 30/66 MP: 3/3
   985 | D:5      | Noticed Eustachio
   988 | D:5      | Got a twisted chain mail
  1028 | D:5      | Killed Eustachio
  1028 | D:5      | Reached skill level 8 in Unarmed Combat
  1049 | D:5      | Found an opulent altar of Gozag.
  1157 | D:5      | Found a glowing drain.
  1161 | Sewer    | Entered a sewer
  1390 | Sewer    | Reached skill level 9 in Unarmed Combat
  1488 | Sewer    | Reached XP level 8. HP: 70/74 MP: 3/3
  1638 | D:6      | Gained mutation: You can translocate small distances at will. [mutagenic meat]
  1824 | D:6      | Reached skill level 10 in Unarmed Combat
  1986 | D:7      | Found a sand-covered staircase.
  2004 | Ossuary  | Entered an ossuary
  2198 | Ossuary  | Reached skill level 5 in Shields
  2242 | Ossuary  | Gained mutation: You are agile. (Dex +2) [potion of mutation]
  2242 | Ossuary  | Lost mutation: You are agile. (Dex +2) [potion of mutation]
  2242 | Ossuary  | Gained mutation: You are robust (+10% HP). [potion of mutation]
  2247 | Ossuary  | Reached XP level 9. HP: 40/88 MP: 4/4
  2263 | Ossuary  | Gained mutation: You regenerate. [potion of mutation]
  2263 | Ossuary  | Gained mutation: You are good at translocating small distances at will. [potion of mutation]
  2436 | D:7      | Found a staircase to the Ecumenical Temple.
  2443 | Temple   | Entered the Ecumenical Temple
  2570 | D:7      | Found a glowing silver altar of Zin.
  2570 | D:7      | Found an iron altar of Okawaru.
  2622 | D:7      | Found Psikuazu's Weapon Shoppe.
  3029 | D:7      | Noticed Menkaure
  3032 | D:7      | Killed Menkaure
  3032 | D:7      | Reached skill level 11 in Unarmed Combat
  3076 | D:7      | Found Xoucua's Distillery.
  3085 | D:7      | Bought a potion of brilliance for 27 gold pieces
  3085 | D:7      | Bought a potion of heal wounds for 33 gold pieces
  3085 | D:7      | Bought a potion of heal wounds for 33 gold pieces
  3085 | D:7      | Bought a potion of lignification for 22 gold pieces
  3085 | D:7      | Bought a potion of paralysis for 11 gold pieces
  3085 | D:7      | Bought a potion of resistance for 77 gold pieces
  3085 | D:7      | Bought a potion of restore abilities for 33 gold pieces
  3085 | D:7      | Bought a potion of restore abilities for 33 gold pieces
  3085 | D:7      | Bought a potion of brilliance for 27 gold pieces
  3452 | D:8      | Starved to death

Action                   |  1- 3 |  4- 6 |  7- 9 || total
-------------------------+-------+-------+-------++-------
Melee: Unarmed           |    62 |    83 |   521 ||   666
Evoke: Wand              |     2 |       |     1 ||     3
  Use: Scroll            |       |       |     9 ||     9
       Potion            |       |       |     2 ||     2
